Map: Void Launch

Players

Marco

  • Race: Zerg Zerg
  • Spawn Location: 6:00

NamroodTuo

  • Race: Zerg Zerg

VOD

Have the link to the VOD?

Description

Time

  • Played on: Jan. 20, 2023, 12:51 p.m.
  • Length: 26:18
Show
View Real Time Build Order
Export as new Build Order

Marco Zerg 

Build Orders:  

Get SALT Encoding   

  12  0:08  Drone  
  13  0:19  Overlord  
  13  0:32  Overlord  
  13  1:06  Drone x2  
  13  1:07  Drone x2  
  17  1:30  Extractor  
  16  1:42  Drone x2  
  16  1:43  Spawning Pool  
  17  2:04  Extractor  
  17  2:09  Evolution Chamber  
  15  2:17  Queen  
  17  2:24  Overlord  
  17  2:25  Overlord  
  17  2:31  Overlord  
  17  3:17  Drone  
  17  3:18  Drone x2  
  18  4:01  Drone  
  18  4:02  Drone  
  18  4:03  Drone  
  21  4:28  Queen  
  23  4:30  Zergling x4  
  23  4:31  Zergling x8  
  29  4:45  Heroic Fortitude  
  29  4:54  Metabolic Boost  
  28  5:59  Lair  
  28  6:07  Drone x3  
  28  6:08  Drone x3  
  34  6:42  Spine Crawler  
  34  6:49  Spine Crawler  
  32  6:55  Spine Crawler  
  32  6:59  Spine Crawler  
  30  7:02  Spore Crawler  
  29  7:13  Drone x2, Spore Crawler  
  29  7:14  Drone  
  24  9:14  Hydralisk Den  
  24  9:18  Spire  
  22  9:32  Hardened Carapace, Nydus Network  
  21  9:43  Zergling x6  
  21  9:44  Zergling x6  
  27  10:38  Unknown, Ventral Sacs  
  27  11:44  Drone  
  27  11:45  Drone x4  
  27  11:46  Drone  
  27  12:40  Zerg Flyer Weapons Level 1  
  27  12:44  Zerg Melee Weapons Level 1  
  33  13:03  Hydralisk x2  
  33  13:04  Hydralisk  
  35  13:10  Hydralisk  
  35  13:37  Hatchery  
  42  14:02  Hydralisk x2  
  42  14:03  Hydralisk x2  
  42  14:38  Extractor  
  41  14:42  Extractor  
  40  15:08  Muscular Augments  
  40  15:20  Zerg Flyer Armor Level 1  
  40  15:22  Drone  
  40  15:23  Drone x4  
  40  15:24  Zerg Missile Weapons Level 1, Drone  
  46  15:32  Queen  
  48  15:54  Drone x2  
  48  15:55  Drone  
  48  15:58  Drone x3  
  54  16:49  Hydralisk, Overlord x2  
  60  16:50  Hydralisk x2  
  29  18:00  Rapid Regeneration  
  29  18:04  Zerg Ground Armor Level 1  
  29  18:31  Ancillary Carapace  
  29  18:47  Drone x2  
  29  18:48  Drone x4  
  35  19:24  Hatchery  
  34  19:38  Extractor  
  33  19:41  Extractor  
  32  20:30  Unknown  
  44  20:50  Hydralisk x4  
  44  20:51  Hydralisk x2  
  44  21:01  Drone x2  
  44  21:02  Drone  
  47  21:16  Drone x3  
  47  21:17  Drone x2  
  52  21:39  Hive  
  52  22:00  Drone x3  
  49  22:33  Drone  
  49  22:34  Drone  
  49  23:08  Greater Spire  
  49  23:39  Drone x3  
  52  23:47  Mutalisk x2  
  56  23:55  Mutalisk x3  
  56  23:56  Mutalisk x3  
  68  24:08  Frenzy  
  68  24:13  Adrenal Overload  
  36  25:38  Mutalisk  
  36  25:39  Mutalisk x5  
Show
View Real Time Build Order
Export as new Build Order

NamroodTuo Zerg 

Build Orders:  

Get SALT Encoding   

  12  0:05  Infested SCV  
  13  0:12  Infested SCV  
  13  0:19  Infested SCV  
  15  0:42  Infested Barracks  
  15  0:48  Overlord  
  15  1:00  Overlord  
  15  1:10  Infested Refinery  
  15  1:21  Infested SCV  
  15  1:22  Infested SCV  
  17  1:33  Infested Refinery  
  17  1:36  Infested SCV  
  18  1:50  Infested Marine x2  
  20  2:00  Infested Barracks  
  20  2:03  Infested SCV  
  21  2:16  Infested SCV  
  21  2:17  Infested SCV  
  23  2:21  Infested Marine  
  23  2:22  Infested Marine x2  
  23  2:23  Infested Marine  
  23  2:24  Infested Marine  
  28  2:35  Overlord  
  28  2:44  Infested SCV  
  29  3:03  Infested Barracks Tech Lab  
  29  3:07  Infested SCV  
  30  3:14  Infested Engineering Bay  
  30  3:22  Infested Marine  
  30  3:23  Infested Marine x4  
  27  4:07  Retinal Augmentation  
  27  4:09  Infested Bunker  
  31  4:36  Infested SCV  
  31  4:37  Infested SCV  
  33  4:43  Infested SCV  
  33  4:48  Infested SCV  
  35  4:52  Infested SCV  
  32  5:02  Overlord  
  32  5:07  Plagued Munitions  
  32  5:16  Overlord  
  32  5:19  Infested Marine  
  33  5:20  Infested Marine x5  
  33  5:21  Infested Marine  
  33  5:26  Unknown  
  39  5:31  Infested Marine  
  39  5:32  Infested Marine x7  
  46  6:00  Infested SCV  
  46  6:01  Infested SCV x2  
  49  6:19  Infested Command Center  
  49  6:40  Infested Marine x6  
  49  6:46  Overlord x2  
  55  6:51  Overlord  
  55  6:58  Infested Marine  
  55  6:59  Infested Marine x2  
  52  7:00  Infested Marine x3  
  47  7:12  Overlord  
  47  7:15  Infested Marine  
  47  7:16  Infested Marine x7  
  55  7:55  Infested Marine  
  55  7:56  Infested Marine x4  
  55  7:57  Infested Marine, Infested Bunker  
  53  8:42  Infested Marine  
  53  8:43  Infested Marine x12  
  53  8:44  Infested Marine x20  
  53  8:45  Infested Marine x3  
  81  9:17  Infested SCV x3  
  81  9:18  Infested SCV x2  
  86  9:30  Infested SCV x5  
  86  9:39  Infested SCV  
  86  9:49  Infested SCV  
  87  9:58  Infested Marine x8  
  87  9:59  Infested Marine x7  
  102  10:08  Overlord x3  
  69  10:24  Infested Marine x3  
  69  10:25  Infested Marine x20  
  74  10:40  Infested Marine x4  
  74  10:41  Infested Marine x5  
  74  10:47  Infested SCV x2  
  82  10:56  Infested SCV x3  
  75  11:41  Infested Marine x4  
  75  11:42  Infested Marine x19  
  75  11:44  Infested SCV  
  75  11:45  Infested SCV x3  
  72  12:22  Infested Missile Turret  
  80  12:48  Infested Bunker  
  84  12:59  Infested Marine x5  
  93  13:00  Infested Marine x15  
  93  13:04  Overlord  
  91  13:33  Infested Missile Turret  
  91  13:34  Infested Missile Turret  
  95  13:47  Infested Marine  
  95  13:48  Infested Marine x9  
  95  13:49  Infested Marine x9  
  114  13:53  Infested Marine x5  
  114  13:54  Infested Marine x2  
  114  13:59  Infested SCV  
  122  14:00  Infested Bunker  
  122  14:01  Infested Bunker  
  122  14:06  Regenerative Plating  
  122  14:19  Infested Marine  
  123  14:20  Infested Marine x11  
  123  14:26  Infested Marine  
  123  14:27  Infested Marine x3  
  108  14:49  Infested Marine  
  96  14:50  Infested Marine x11  
  96  14:52  Infested Missile Turret  
  96  14:54  Infested Missile Turret  
  99  15:05  Infested SCV x4  
  99  15:06  Stukov Infantry Weapons Level 1, Infested SCV  
  93  15:12  Infested Marine  
  93  15:13  Infested Marine x7  
  93  15:14  Infested Marine  
  93  15:18  Infested Bunker  
  100  15:21  Infested Missile Turret  
  88  16:04  Infested Missile Turret  
  88  16:05  Infested Missile Turret x2  
  101  16:30  Infested Bunker  
  101  16:31  Infested Bunker  
  101  16:33  Infested Bunker  
  101  16:35  Infested Marine  
  101  16:36  Infested Marine x20  
  101  16:37  Infested Marine x4  
  121  16:56  Infested Factory  
  121  17:02  Infested Marine x3  
  121  17:03  Infested Marine x8  
  132  17:18  Infested Missile Turret  
  132  17:20  Infested Missile Turret x2  
  132  17:43  Infested Marine  
  132  17:44  Infested Marine  
  132  17:45  Infested Bunker  
  132  17:46  Stukov Infantry Armor Level 1  
  132  17:48  Overlord  
  132  17:49  Overlord x9  
  126  17:51  Infested Bunker  
  126  18:05  Infested Bunker  
  105  18:24  Infested Missile Turret  
  105  18:39  Infested Marine  
  103  18:40  Infested Marine x7  
  103  18:41  Infested Marine x21  
  103  18:42  Infested Marine x9  
  140  18:51  Infested Missile Turret  
  144  19:00  Infested Bunker  
  142  19:22  Infested Marine x8  
  142  19:23  Infested Marine x8  
  158  19:40  Infested Armory  
  158  19:44  Infested Marine x5  
  158  19:45  Infested Marine x4  
  158  19:46  Infested Marine  
  117  20:26  Stukov Infantry Weapons Level 2  
  117  20:49  Infested Missile Turret  
  118  21:08  Infested Marine  
  118  21:09  Infested Marine x9  
  128  21:10  Infested Marine x5  
  129  21:20  Infested Marine  
  129  21:21  Infested Marine x21  
  129  21:22  Infested Marine  
  146  21:38  Infested Missile Turret  
  146  22:05  Infested Bunker  
  146  22:07  Infested Marine  
  146  22:08  Infested Marine x13  
  146  22:09  Infested Marine x4  
  164  22:20  Infested Marine  
  164  22:21  Infested Marine x5  
  164  22:25  Infested Marine  
  164  22:26  Infested Marine  
  167  22:38  Infested Barracks  
  162  22:45  Infested Barracks  
  162  22:48  Infested Marine x6  
  162  22:49  Infested Marine x2  
  144  22:50  Infested Marine  
  121  23:17  Infested Marine x7  
  121  23:18  Infested Marine x4  
  128  23:20  Infested Marine  
  128  23:26  Infested Marine x3  
  120  23:41  Calcified Armor  
  101  24:16  Infested Missile Turret  
  101  24:29  Infested Marine  
  102  24:30  Infested Marine x6  
  102  24:31  Infested Marine x21  
  102  24:32  Infested Marine x19  
  148  24:49  Infested Marine x4  
  152  24:50  Infested Marine x11  
  119  25:19  Infested Marine  
  105  25:20  Infested Marine x16  
  105  25:21  Infested Marine x8  
  89  25:56  Infested Marine  
  89  25:57  Infested Marine x16  
  89  25:58  Infested Marine x12  
Tags
 
Matchup
Co-op
Replay Pack
Multiplayer
Add a new tag
Caveats
  • Supply blocks, unpowered buildings, or Contaminate may cause inaccurate times.
  • Supply counts are checked every 10 seconds.